 Dungeon Crawl Stone Soup version 0.27-b1-23-g44b8eac545 (webtiles) character file.

Game seed: 4550401487576154830

30 ziltoidlt the Shield-Bearer (level 3, -4/23 HPs)
             Began as a Gargoyle Fighter on July 26, 2021.
             Slain by a goblin (5 damage)
             ... led by Robin
             ... on level 2 of the Dungeon on July 27, 2021.
             The game lasted 00:06:33 (985 turns).

ziltoidlt the Shield-Bearer (Gargoyle Fighter)       Turns: 985, Time: 00:06:34

Health: -4/23      AC: 10    Str: 19    XL:     3   Next: 18%
Magic:  3/3        EV:  7    Int:  8    God:
Gold:   28         SH:  9    Dex: 10    Spells: 2/2 levels left

rFire    . . .     SeeInvis .   f - +0 club
rCold    . . .     Faith    .   c - +0 kite shield
rNeg     + . .     Spirit   .   b - +0 scale mail
rPois    ∞         Reflect  .   (no helmet)
rElec    +         Harm     .   (no cloak)
rCorr    .         Rampage  .   (no gloves)
Will     +....                  (no boots)
Stlth    ..........             (no amulet)
HPRegen  0.07/turn              m - ring of willpower
MPRegen  0.08/turn              (no ring)

@: mighty
A: sickness immunity, AC +3, negative energy resistance 1, electricity
resistance, torment resistance 1, petrification resistance
a: no special abilities


You were on level 2 of the Dungeon.
You visited 1 branch of the dungeon, and saw 2 of its levels.

You collected 28 gold pieces.

Inventory:

Hand Weapons
 a - a +0 flail
 f - a +0 club (weapon)
Missiles
 g - 35 bolts
 j - 13 poisoned darts
 k - 17 stones (quivered)
Armour
 b - a +0 scale mail (worn)
 c - a +0 kite shield (worn)
Jewellery
 m - a ring of willpower (left hand)
Scrolls
 e - 2 scrolls of magic mapping {unknown}
 h - a scroll of silence {unknown}
 i - a scroll of fog {unknown}
 l - a scroll of teleportation {unknown}
Potions
 n - a potion of curing {unknown}


   Skills:
 - Level 3.4 Fighting
 * Level 2.7 Maces & Flails
 - Level 3.4 Armour
 * Level 3.9 Shields


You had 2 spell levels left.
You didn't know any spells.
Your spell library was empty.

Dungeon Overview and Level Annotations

Branches:
Dungeon (2/15)

Altars:

Annotations:
D:2 Robin


Innate Abilities, Weirdness & Mutations

You are immune to sickness and miasma.
Your stone body is resilient. (AC +3)
You are immune to poison.
You resist negative energy. (rN+)
You are resistant to electric shocks. (rElec)
You are resistant to unholy torment.
You are immune to petrification.


Message History

You closely miss the hobgoblin. You block the hobgoblin's attack.
Your shield prevents you from hitting the hobgoblin.
The hobgoblin hits you. You block the hobgoblin's attack.
You closely miss the hobgoblin. You block the hobgoblin's attack.
You hit the hobgoblin.
The hobgoblin is severely wounded.
You block the hobgoblin's attack.
You hit the hobgoblin but do no damage.
The hobgoblin is severely wounded.
The hobgoblin misses you.
The hobgoblin hits you but does no damage.
You hit the hobgoblin.
You kill the hobgoblin!
You barely miss the goblin.
The goblin unwields a +0 hunting sling.
The goblin wields a +0 dagger.
The goblin barely misses you.
Robin roars a battlecry!
The goblins go into a battle-frenzy!
The goblin barely misses you.
You hit the goblin.
You kill the goblin!
Robin throws the goblin at you! You block the goblin's attack.
You hit the goblin.
You kill the goblin!
Robin roars a battlecry!
A goblin comes into view. It is wielding a +0 club.
The goblin shouts!
Robin hits you with a +2 short sword of venom!
Things that are here:
a +0 dagger; a +0 hunting sling; 21 stones You hit Robin but do no damage.
Robin closely misses you. Robin hits you but does no damage.
You barely miss Robin. You block Robin's attack.
You hit Robin.
Robin is moderately wounded.
Robin throws the goblin at you! The goblin hits you with a +0 club.
You feel very mighty all of a sudden.
Robin hits you with a +2 short sword of venom.
* * * LOW HITPOINT WARNING * * *
The goblin hits you with a +0 club.
You die...

############.#
##.# #.# #.. #.#
#.. #.# ... #.#
#.# #.# #.# #.#
#.#
##############.#
##.###
#g@g)..........#
...g.#
#.##############
####.# #.# # #.#
#.# # #.# #.# #
#.# #####.# #
#.# #.....# #
#.######.##### #
#........#


You could see Robin and a goblin (strong).

Vanquished Creatures
  A dart slug (D:1)
  4 bats (D:1)
  4 endoplasms
  4 goblins
  A hobgoblin (D:2)
  2 jackals (D:1)
  A kobold (D:1)
  A quokka (D:1)
  A ball python (D:1)
  2 frilled lizards (D:1)
  3 rats (D:1)
24 creatures vanquished.

Notes
Turn   | Place    | Note
-------+----------+-------------------------------------------
     0 | D:1      | ziltoidlt the Gargoyle Fighter began the quest for the Orb.
     0 | D:1      | Reached XP level 1. HP: 14/14 MP: 1/1
     0 | D:1      | Upgraded the game from 0.27-b1-16-g6517624069 to
                  | 0.27-b1-23-g44b8eac545
    90 | D:1      | Found a faded altar of an unknown god.
   217 | D:1      | Reached XP level 2. HP: 19/19 MP: 2/2
   756 | D:1      | Reached XP level 3. HP: 23/23 MP: 3/3
   935 | D:2      | Noticed Robin
   985 | D:2      | HP: 1/23 [Robin (6)]
   985 | D:2      | Slain by a goblin

Illustrated notes

Levels and vault maps discovered:
D:1:      wander_arrival_desolate, layout_loops_ring,
          ebering_ecumenical_altar_box, minmay_pentomino_s2
D:2:      layout_loops_ring, uniq_robin

Action                   || total
-------------------------++-------
Melee: Flail             ||     9
       Club              ||    78
Throw: Stone             ||     7
  Use: Potion            ||     1
Armor: Scale mail        ||    40
Dodge: Dodged            ||    23
Block: Kite shield       ||    53
